 Dungeon Crawl Stone Soup version 0.31-a0-180-g519b7de00c (webtiles) character file.

Game seed: 8928343129000500924

19534 qw the Marksnaga (level 12, -15/127 HPs)
             Began as a Naga Hunter on June 19, 2023.
             Was a Priest of Okawaru.
             Demolished by a komodo dragon (27 damage)
             ... on level 2 of the Lair of Beasts.
             The game lasted 00:06:06 (13038 turns).

qw the Marksnaga (Naga Hunter)                     Turns: 13038, Time: 00:06:07

Health: -15/127    AC: 13    Str: 14    XL:     12   Next: 70%
Magic:  13/15      EV: 16    Int: 10    God:    Okawaru [***...]
Gold:   64         SH:  5    Dex: 19    Spells: 11/11 levels left

rFire   + . .        Y - +0 orcbow (freeze)
rCold   + + .        (shield currently unavailable)
rNeg    + . .        d - +0 troll leather armour
rPois   +            (no helmet)
rElec   .            w - scarf {rC+ rF+}
rCorr   .            m - +1 pair of gloves
SInv    +            (no barding)
Will    ++...        a - amulet of reflection
Stlth   +++          s - +4 ring of protection
HPRegen 1.21/turn    v - ring of Compulsion {rN+ Will+}
MPRegen 0.14/turn

%: reflection
@: heroic, very slow
A: AC +4, large, see invisible, deformed body, poison resistance, slowness 2,
spit poison 1, naga tail 1, cold resistance 1, sense surroundings 1, robust 1
a: Spit Poison, Renounce Religion, Heroism


You were on level 2 of the Lair of Beasts.
You worshipped Okawaru.
Okawaru was most pleased with you.
You visited 3 branches of the dungeon, and saw 13 of its levels.
You also visited: Sewer.

You collected 794 gold pieces.
You spent 730 gold pieces at shops.


Innate Abilities, Weirdness & Mutations

Your serpentine skin is tough. (AC +4)
You have supernaturally acute eyesight. (SInv)
Armour fits poorly on your strangely shaped body.
Your system is resistant to poisons. (rPois)
You cover ground very slowly.
You can spit poison.
You have a snake-like lower body.
Your flesh is cold resistant. (rC+)
You passively map a small area around you.
You are robust. (+10% HP)


   Skills:
 - Level 10.0(15.0) Fighting
 + Level 15.1(20.1) Ranged Weapons
 - Level 2.0(7.0) Armour
 - Level 6.0(11.0) Dodging
 - Level 1.5(6.5) Stealth
 - Level 4.0 Invocations


You had 11 spell levels left.
You didn't know any spells.
Your spell library was empty.

Inventory:

Hand Weapons
 Y - a +0 orcbow of freezing (weapon)
Armour
 d - a +0 troll leather armour (worn)
 m - a +1 pair of gloves (worn)
 q - a +0 cloak
 w - a scarf of resistance (worn)
Jewellery
 a - an amulet of reflection (around neck)
 f - the ring of Liberty {Str+3 Int+6}
   (You took it off an orc on level 6 of the Dungeon)

   [ring of intelligence]

   Str:       It affects your strength (+3).
   Int:       It affects your intelligence (+6).
 k - a ring of fire
 s - a +4 ring of protection (left hand)
 v - the ring of Compulsion (right hand) {rN+ Will+}
   (You bought it in a shop on level 6 of the Dungeon)

   [ring of positive energy]

   rN:        It protects you from negative energy.
   Will:      It increases your willpower.
Scrolls
 l - 3 scrolls of identify
Potions
 b - 8 potions of curing
 e - 2 potions of mutation
 h - 3 potions of enlightenment
 i - 2 potions of haste
 j - a potion of magic
 p - a potion of resistance
 t - a potion of might
 u - 2 potions of cancellation

Dungeon Overview and Level Annotations

Branches:
Dungeon (10/15)            Temple (1/1) D:5            Lair (2/5) D:10
  Sewer (visited)
  Swamp: Lair:2-3    Shoals: Lair:2-3     Snake: Lair:2-3    Spider: Lair:2-3
    Orc: D:9-12

Altars:
Ashenzari
Cheibriados
Dithmenos
Elyvilon
Fedhas
Gozag
Hepliaklqana
Kikubaaqudgha
Makhleb
Nemelex Xobeh
Okawaru
Qazlal
Ru
Sif Muna
Trog
Uskayaw
Vehumet
Wu Jian
Xom
Yredelemnul
Zin
The Shining One

Shops:
D:4 [   D:6 =   D:10 =?(![

Portals:
Abyss: Lair:1

Annotations:
Lair:1 2 transporters, qw's ghost, journeyman GrFi


Message History

A yak comes into view.
The elephant tramples you but does no damage.
The elephant closely misses you.
You shoot an arrow. The yak bellows!
The arrow hits the elephant.
The arrow freezes the elephant.
The elephant is lightly wounded.
You hear a bellow!
A yak comes into view.
The komodo dragon bites you but does no damage.
The elephant barely misses you. You block the elephant's attack.
You shoot an arrow. The arrow barely misses the elephant.
The blink frog blinks!
You shoot an arrow. The arrow barely misses the elephant.
A yak comes into view.
The komodo dragon bites you! The yak gores you. The elephant barely misses you.
The elephant misses you.
You shoot an arrow. The arrow barely misses the elephant.
The yak bellows!
You feel like a meek peon again. The komodo dragon bites you!
The elephant tramples you.
You hold your ground!
The elephant trunk-slaps you but does no damage.
The yak gores you.
13035 ||| INVOKING Heroism.
You gain the combat prowess of a mighty hero.
The komodo dragon bites you! The elephant tramples you!
You hold your ground!
The elephant trunk-slaps you but does no damage.
The yak gores you!
You shoot an arrow. The arrow hits the elephant.
The arrow freezes the elephant.
The elephant is lightly wounded.
The komodo dragon bites you! The yak barely misses you.
The elephant misses you.
The elephant trunk-slaps you but does no damage.
You shoot an arrow.
The arrow hits the elephant but does no damage.
The elephant is lightly wounded.
The blink frog blinks!
You shoot an arrow. The arrow hits the elephant!
The arrow freezes the elephant.
The elephant is moderately wounded.
The yak closely misses you. The komodo dragon bites you!!
You die...

* ##..#######
#.....#.#.*
#....%...##
#....~...P* ##.
.....### *
#.#...#...Y..##.
,*
......#YYY......
....P.%@.Y.>....
,
#..####lY.###...
, , #Y<.# ,
,#.F#.## , , ,
#?..Y#.# ,,
#.#.##.. , # #.
###. , , , *
,.ยค*** .* , * ,
.., , . ,


You could see 3 elephants, a komodo dragon, 5 yaks and a blink frog.

Vanquished Creatures
  A catoblepas (Lair:1)
  A two-headed ogre (D:8)
  A boulder beetle (Lair:1)
  3 death yaks (D:10)
  3 lindwurms (Lair:1)
  Pikel (D:6)
  5 elephants (Lair:2)
  A gargoyle (D:10)
  Maggie (D:6)
  A cane toad (Lair:1)
  2 rime drakes
  An unseen horror (D:10)
  2 komodo dragons (Lair:1)
  2 trolls
  A hornet (D:10)
  A polar bear (Lair:2)
  A blink frog (Lair:2)
  4 tyrant leeches (D:10)
  Sigmund (D:2)
  A shadow (D:10)
  3 vampires
  14 yaks
  2 wyverns (D:9)
  A basilisk (Lair:1)
  4 vampire mosquitoes (D:10)
  3 steam dragons
  Edmund (D:4)
  An acid dragon (D:6)
  4 water moccasins
  An orc warrior (D:8)
  An ice beast (D:6)
  2 ogres (D:6)
  2 phantoms (D:5)
  3 centaurs
  4 kobold brigands
  A lemure (D:6)
  6 bullfrogs
  3 scorpions
  Blork the orc (D:5)
  10 wights
  12 killer bees
  4 howler monkeys
  2 electric eels (Lair:2)
  3 jellies
  2 gnoll boudas (D:9)
  4 orc priests
  3 hounds
  3 iguanas
  4 sleepcaps
  5 orc wizards
  2 hell rats
  4 gnolls (D:9)
  4 adders
  7 river rats
  A shadow imp (D:6)
  2 white imps
  2 ufetubi (D:6)
  2 worms
  6 dart slugs
  21 orcs
  6 bats
  5 endoplasms
  3 giant cockroaches
  5 goblins
  8 hobgoblins
  6 jackals
  24 kobolds
  4 quokkas
  6 ball pythons
  A frilled lizard (D:1)
  16 rats
278 creatures vanquished.

Notes
Turn   | Place    | Note
-------+----------+-------------------------------------------
     0 | D:1      | qw the Naga Hunter began the quest for the Orb.
     0 | D:1      | Reached XP level 1. HP: 19/19 MP: 1/1
     0 | D:1      | 0 ||| qw: Version: 0.3-a-7-ge0c9b40
     0 | D:1      | 0 ||| qw: Game counter: 1092
     0 | D:1      | 0 ||| qw: Always use a shield: true
     0 | D:1      | 0 ||| qw: God list: Okawaru
     0 | D:1      | 0 ||| qw: Allow faded altars: false
     0 | D:1      | 0 ||| qw: Do Orc after D:15 true
     0 | D:1      | 0 ||| qw: Do second Lair branch before Depths: true
     0 | D:1      | 0 ||| qw: Lair rune preference: random
     0 | D:1      | 0 ||| qw: Plans: Normal
     0 | D:1      | 0 ||| PLANNING D:1-11
    14 | D:1      | 14 ||| INVOKING Spit Poison.
    19 | D:1      | 19 ||| INVOKING Spit Poison.
    89 | D:1      | 89 ||| INVOKING Spit Poison.
   114 | D:1      | 114 ||| INVOKING Spit Poison.
   145 | D:1      | 145 ||| INVOKING Spit Poison.
   149 | D:1      | Reached skill level 4 in Ranged Weapons
   149 | D:1      | Reached XP level 2. HP: 26/26 MP: 2/2
   152 | D:1      | 152 ||| INVOKING Spit Poison.
   180 | D:1      | 180 ||| INVOKING Spit Poison.
   200 | D:1      | 200 ||| INVOKING Spit Poison.
   205 | D:1      | 205 ||| INVOKING Spit Poison.
   232 | D:1      | 232 ||| INVOKING Spit Poison.
   238 | D:1      | 238 ||| INVOKING Spit Poison.
   241 | D:1      | 241 ||| INVOKING Spit Poison.
   322 | D:1      | 322 ||| INVOKING Spit Poison.
   331 | D:1      | 331 ||| INVOKING Spit Poison.
   350 | D:1      | 350 ||| INVOKING Spit Poison.
   418 | D:1      | 418 ||| INVOKING Spit Poison.
   423 | D:1      | 423 ||| INVOKING Spit Poison.
   428 | D:1      | 428 ||| INVOKING Spit Poison.
   530 | D:1      | 530 ||| INVOKING Spit Poison.
   531 | D:1      | Reached XP level 3. HP: 32/32 MP: 3/3
   692 | D:1      | 692 ||| READING scroll labelled ASU BOJAEVILU.
   693 | D:1      | 693 ||| DRINKING 2 bubbling pink potions.
   693 | D:1      | Gained mutation: You are robust. (+10% HP) [potion of
                  | mutation]
   693 | D:1      | Gained mutation: Your flesh is cold resistant. (rC+)
                  | [potion of mutation]
   693 | D:1      | Gained mutation: You passively map a small area around you.
                  | [potion of mutation]
   703 | D:1      | 703 ||| DROPPING scroll of butterflies.
   730 | D:2      | 730 ||| INVOKING Spit Poison.
   735 | D:2      | 735 ||| INVOKING Spit Poison.
   737 | D:2      | 737 ||| STAIRDANCE
   741 | D:1      | 741 ||| INVOKING Spit Poison.
   744 | D:1      | 744 ||| INVOKING Spit Poison.
   745 | D:1      | HP: 8/35 [bat (1)]
   748 | D:1      | 748 ||| INVOKING Spit Poison.
   872 | D:2      | 872 ||| INVOKING Spit Poison.
   878 | D:2      | 878 ||| INVOKING Spit Poison.
   883 | D:2      | 883 ||| INVOKING Spit Poison.
   897 | D:2      | 897 ||| INVOKING Spit Poison.
   920 | D:2      | 920 ||| INVOKING Spit Poison.
   955 | D:2      | 955 ||| INVOKING Spit Poison.
   982 | D:2      | 982 ||| INVOKING Spit Poison.
   984 | D:2      | 984 ||| FLEEEEING.
   986 | D:2      | 986 ||| FLEEEEING.
   987 | D:2      | 987 ||| FLEEEEING.
   988 | D:2      | 988 ||| FLEEEEING.
   989 | D:2      | 989 ||| FLEEEEING.
   990 | D:2      | 990 ||| FLEEEEING.
   991 | D:2      | 991 ||| FLEEEEING.
   992 | D:2      | 992 ||| FLEEEEING.
   995 | D:2      | 995 ||| STAIRDANCE
  1019 | D:2      | 1019 ||| INVOKING Spit Poison.
  1088 | D:2      | 1088 ||| INVOKING Spit Poison.
  1111 | D:2      | 1111 ||| INVOKING Spit Poison.
  1252 | D:2      | Found a faded altar of an unknown god.
  1269 | D:2      | Noticed Sigmund
  1270 | D:2      | 1270 ||| INVOKING Spit Poison.
  1276 | D:2      | 1276 ||| INVOKING Spit Poison.
  1277 | D:2      | Killed Sigmund
  1278 | D:2      | Reached skill level 6 in Ranged Weapons
  1278 | D:2      | Reached XP level 4. HP: 37/42 MP: 4/4
  1278 | D:2      | Reached XP level 5. HP: 43/49 MP: 5/5
  1387 | D:2      | 1387 ||| INVOKING Spit Poison.
  1495 | D:2      | 1495 ||| READING scroll labelled PILANU TYOPEA.
  1524 | D:3      | 1524 ||| INVOKING Spit Poison.
  1549 | D:3      | 1549 ||| INVOKING Spit Poison.
  1552 | D:3      | 1552 ||| INVOKING Spit Poison.
  1580 | D:3      | 1580 ||| INVOKING Spit Poison.
  1585 | D:3      | 1585 ||| INVOKING Spit Poison.
  1705 | D:3      | 1705 ||| INVOKING Spit Poison.
  1715 | D:3      | 1715 ||| INVOKING Spit Poison.
  1747 | D:3      | 1747 ||| INVOKING Spit Poison.
  1748 | D:3      | Reached XP level 6. HP: 59/59 MP: 6/6
  1776 | D:3      | 1776 ||| INVOKING Spit Poison.
  1779 | D:3      | 1779 ||| INVOKING Spit Poison.
  1807 | D:3      | 1807 ||| INVOKING Spit Poison.
  1822 | D:3      | 1822 ||| INVOKING Spit Poison.
  1825 | D:3      | Reached skill level 3 in Fighting
  1833 | D:3      | 1833 ||| INVOKING Spit Poison.
  2129 | D:3      | 2129 ||| UPGRADING to +1 pair of gloves.
  2134 | D:3      | 2134 ||| READING scroll labelled MACEUS TO IGH.
  2135 | D:3      | 2135 ||| READING scroll labelled UJOYCVI HO UTI.
  2136 | D:3      | 2136 ||| READING scroll labelled FOUBRI EPEOPU.
  2158 | D:4      | 2158 ||| INVOKING Spit Poison.
  2177 | D:4      | 2177 ||| INVOKING Spit Poison.
  2265 | D:4      | Noticed Edmund
  2267 | D:4      | 2267 ||| INVOKING Spit Poison.
  2271 | D:4      | 2271 ||| INVOKING Spit Poison.
  2278 | D:4      | 2278 ||| INVOKING Spit Poison.
  2285 | D:4      | 2285 ||| INVOKING Spit Poison.
  2288 | D:4      | Killed Edmund
  2485 | D:4      | Found Jereug's Armour Emporium.
  2491 | D:4      | 2491 ||| BUYING +1 robe (84 gold).
  2491 | D:4      | Bought a +1 robe for 84 gold pieces
  2491 | D:4      | 2491 ||| SHOPLISTING +2 leather armour of poison resistance
                  | (176 gold, have 156).
  2552 | D:4      | 2552 ||| INVOKING Spit Poison.
  2566 | D:4      | Noticed a steam dragon
  2567 | D:4      | 2567 ||| INVOKING Spit Poison.
  2571 | D:4      | 2571 ||| INVOKING Spit Poison.
  2572 | D:4      | HP: 13/62 [steam dragon] (4)]
  2573 | D:4      | HP: 1/62 [steam dragon] (10)]
  2574 | D:4      | Killed a steam dragon
  2575 | D:4      | Reached XP level 7. HP: 1/70 MP: 7/7
  2832 | D:4      | 2832 ||| INVOKING Spit Poison.
  2833 | D:4      | 2833 ||| INVOKING Spit Poison.
  2873 | D:4      | Reached skill level 7 in Ranged Weapons
  3209 | D:4      | 3209 ||| INVOKING Spit Poison.
  3216 | D:4      | 3216 ||| INVOKING Spit Poison.
  3223 | D:4      | 3223 ||| UPGRADING to +1 robe.
  3233 | D:4      | 3233 ||| DROPPING +0 leather armour.
  3234 | D:4      | 3234 ||| UPGRADING to +0 steam dragon scales.
  3244 | D:4      | 3244 ||| DROPPING +1 robe.
  3245 | D:4      | 3245 ||| READING scroll labelled WUAPEINEVY.
  3265 | D:5      | Entered Level 5 of the Dungeon
  3266 | D:5      | 3266 ||| PLANNING SEWER
  3266 | D:5      | 3266 ||| INVOKING Spit Poison.
  3273 | D:5      | 3273 ||| INVOKING Spit Poison.
  3282 | D:5      | Reached skill level 1 in Armour
  3337 | D:5      | Noticed Blork the orc
  3342 | D:5      | 3342 ||| INVOKING Spit Poison.
  3342 | D:5      | Killed Blork the orc
  3347 | D:5      | Found a staircase to the Ecumenical Temple.
  3354 | D:5      | 3354 ||| INVOKING Spit Poison.
  3377 | D:5      | 3377 ||| INVOKING Spit Poison.
  3411 | D:5      | 3411 ||| INVOKING Spit Poison.
  3413 | D:5      | Found a glowing drain.
  3414 | D:5      | 3414 ||| UPGRADING to amulet of the acrobat.
  3419 | D:5      | 3419 ||| DROPPING amulet of guardian spirit.
  3420 | D:5      | 3420 ||| READING 2 scrolls labelled XOIKUOXT MORO.
  3432 | D:5      | 3432 ||| INVOKING Spit Poison.
  3437 | D:5      | 3437 ||| INVOKING Spit Poison.
  3439 | D:5      | Reached XP level 8. HP: 79/79 MP: 8/8
  3463 | Sewer    | Entered a sewer
  3464 | Sewer    | 3464 ||| INVOKING Spit Poison.
  3467 | Sewer    | 3467 ||| INVOKING Spit Poison.
  3473 | Sewer    | 3473 ||| INVOKING Spit Poison.
  3480 | Sewer    | 3480 ||| INVOKING Spit Poison.
  3500 | Sewer    | 3500 ||| INVOKING Spit Poison.
  3504 | Sewer    | 3504 ||| INVOKING Spit Poison.
  3509 | Sewer    | 3509 ||| INVOKING Spit Poison.
  3550 | Sewer    | 3550 ||| INVOKING Spit Poison.
  3555 | Sewer    | 3555 ||| INVOKING Spit Poison.
  3558 | Sewer    | Reached skill level 8 in Ranged Weapons
  3563 | Sewer    | 3563 ||| INVOKING Spit Poison.
  3568 | Sewer    | 3568 ||| INVOKING Spit Poison.
  3586 | Sewer    | 3586 ||| INVOKING Spit Poison.
  3626 | Sewer    | 3626 ||| DRINKING 2 fizzy ruby potions.
  3627 | Sewer    | 3627 ||| DRINKING 2 coppery potions.
  3628 | Sewer    | 3628 ||| READING 2 scrolls of identify.
  3628 | Sewer    | 3628 ||| IDENTIFYING bubbling red potion
  3629 | Sewer    | 3629 ||| DROPPING potion of ambrosia.
  3630 | Sewer    | 3630 ||| DROPPING potion of attraction.
  3638 | D:5      | 3638 ||| PLANNING TEMPLE
  3690 | Temple   | Entered the Ecumenical Temple
  3843 | Temple   | 3843 ||| PLANNING OKAWARU WORSHIP
  3979 | Temple   | Became a worshipper of Warmaster Okawaru
  3980 | Temple   | 3980 ||| PLANNING D:1-11
  4014 | D:5      | Identified the +8 quarterstaff of Caci {venom, Str+3}
  4037 | D:5      | 4037 ||| INVOKING Spit Poison.
  4042 | D:5      | 4042 ||| INVOKING Spit Poison.
  4049 | D:5      | 4049 ||| INVOKING Spit Poison.
  4062 | D:5      | 4062 ||| INVOKING Spit Poison.
  4556 | D:5      | 4556 ||| UPGRADING to amulet of reflection.
  4566 | D:5      | 4566 ||| DROPPING amulet of the acrobat.
  4567 | D:5      | 4567 ||| UPGRADING to +4 ring of protection.
  4568 | D:5      | 4568 ||| READING scroll labelled RAWNOIMOSA.
  4569 | D:5      | 4569 ||| DRINKING 3 ruby potions.
  4659 | D:6      | 4659 ||| INVOKING Spit Poison.
  4672 | D:6      | Identified the ring of Liberty {Str+3 Int+6}
  4673 | D:6      | 4673 ||| INVOKING Spit Poison.
  4678 | D:6      | 4678 ||| INVOKING Spit Poison.
  4744 | D:6      | 4744 ||| INVOKING Spit Poison.
  4759 | D:6      | Noticed Maggie
  4760 | D:6      | 4760 ||| INVOKING Spit Poison.
  4768 | D:6      | 4768 ||| INVOKING Spit Poison.
  4771 | D:6      | 4771 ||| INVOKING Spit Poison.
  4775 | D:6      | 4775 ||| INVOKING Spit Poison.
  4777 | D:6      | HP: 18/81 [Maggie/bolt of fire (28)]
  4778 | D:6      | 4778 ||| READING 3 scrolls of teleportation.
  4779 | D:6      | 4779 ||| DRINKING potion of heal wounds.
  4782 | D:6      | HP: 17/81 [Maggie/bolt of fire (24)]
  4783 | D:6      | 4783 ||| INVOKING Spit Poison.
  4789 | D:6      | 4789 ||| READING 2 scrolls of teleportation.
  4793 | D:6      | 4793 ||| INVOKING Spit Poison.
  4793 | D:6      | Killed Maggie
  4794 | D:6      | Reached skill level 9 in Ranged Weapons
  5094 | D:6      | 5094 ||| INVOKING Spit Poison.
  5101 | D:6      | 5101 ||| INVOKING Spit Poison.
  5109 | D:6      | 5109 ||| INVOKING Spit Poison.
  5119 | D:6      | 5119 ||| INVOKING Spit Poison.
  5121 | D:6      | Noticed Pikel
  5124 | D:6      | 5124 ||| INVOKING Spit Poison.
  5131 | D:6      | 5131 ||| INVOKING Spit Poison.
  5135 | D:6      | 5135 ||| INVOKING Spit Poison.
  5136 | D:6      | Killed Pikel
  5136 | D:6      | Reached * piety under Okawaru
  5137 | D:6      | Reached XP level 9. HP: 36/94 MP: 9/9
  5363 | D:6      | Reached ** piety under Okawaru
  5364 | D:6      | Reached skill level 1 in Invocations
  5368 | D:6      | 5368 ||| INVOKING Heroism.
  5410 | D:6      | 5410 ||| INVOKING Spit Poison.
  5552 | D:6      | Noticed a troll
  5553 | D:6      | 5553 ||| INVOKING Heroism.
  5554 | D:6      | 5554 ||| Stepping ~*~*~tactically~*~*~ (outnumbered).
  5556 | D:6      | 5556 ||| INVOKING Spit Poison.
  5566 | D:6      | 5566 ||| INVOKING Spit Poison.
  5566 | D:6      | Killed a troll
  5567 | D:6      | Reached skill level 3 in Dodging
  5614 | D:6      | 5614 ||| INVOKING Heroism.
  5615 | D:6      | 5615 ||| Stepping ~*~*~tactically~*~*~ (outnumbered).
  5631 | D:6      | 5631 ||| INVOKING Heroism.
  5632 | D:6      | 5632 ||| Stepping ~*~*~tactically~*~*~ (outnumbered).
  5648 | D:6      | 5648 ||| INVOKING Heroism.
  5649 | D:6      | 5649 ||| Stepping ~*~*~tactically~*~*~ (outnumbered).
  5652 | D:6      | 5652 ||| INVOKING Spit Poison.
  5659 | D:6      | 5659 ||| INVOKING Spit Poison.
  5661 | D:6      | Reached skill level 3 in Invocations
  5685 | D:6      | 5685 ||| INVOKING Spit Poison.
  5694 | D:6      | 5694 ||| INVOKING Spit Poison.
  5699 | D:6      | 5699 ||| INVOKING Spit Poison.
  5705 | D:6      | 5705 ||| INVOKING Spit Poison.
  5710 | D:6      | 5710 ||| INVOKING Spit Poison.
  5761 | D:6      | 5761 ||| INVOKING Spit Poison.
  5798 | D:6      | 5798 ||| INVOKING Spit Poison.
  5812 | D:6      | 5812 ||| INVOKING Heroism.
  5814 | D:6      | 5814 ||| INVOKING Spit Poison.
  5821 | D:6      | 5821 ||| INVOKING Spit Poison.
  5829 | D:6      | 5829 ||| INVOKING Spit Poison.
  5831 | D:6      | 5831 ||| INVOKING Heroism.
  5900 | D:6      | Found Umiress's Jewellery Emporium.
  5903 | D:6      | 5903 ||| SHOPLISTING +4 ring of protection (360 gold, have
                  | 327).
  5903 | D:6      | 5903 ||| SHOPLISTING +6 ring of dexterity (360 gold, have
                  | 327).
  5903 | D:6      | 5903 ||| SHOPLISTING +6 ring of strength (360 gold, have
                  | 327).
  5903 | D:6      | 5903 ||| SHOPLISTING amulet of faith (400 gold, have 327).
  5903 | D:6      | 5903 ||| BUYING ring of Compulsion {rN+ Will+} (326 gold).
  5903 | D:6      | Bought the ring of Compulsion {rN+ Will+} for 326 gold
                  | pieces
  5903 | D:6      | 5903 ||| SHOPLISTING ring of protection from cold (250
                  | gold, have 1).
  6093 | D:6      | 6093 ||| UPGRADING to ring of Liberty {Str+3 Int+6}.
  6094 | D:6      | 6094 ||| UPGRADING to ring of Compulsion {rN+ Will+}.
  6096 | D:6      | 6096 ||| READING scroll labelled MYNIWE ATAVIT.
  6097 | D:6      | 6097 ||| DRINKING 2 emerald potions.
  6115 | D:6      | 6115 ||| DRINKING 2 viscous white potions.
  6116 | D:6      | 6116 ||| DRINKING 2 bubbling coppery potions.
  6117 | D:6      | 6117 ||| READING 2 scrolls of identify.
  6117 | D:6      | 6117 ||| IDENTIFYING fizzy emerald potion
  6118 | D:6      | 6118 ||| DROPPING potion of lignification.
  6119 | D:6      | 6119 ||| DROPPING potion of degeneration.
  6232 | D:7      | 6232 ||| INVOKING Spit Poison.
  6237 | D:7      | Reached skill level 10 in Ranged Weapons
  6338 | D:7      | 6338 ||| INVOKING Spit Poison.
  6354 | D:7      | 6354 ||| Stepping ~*~*~tactically~*~*~ (outnumbered).
  6355 | D:7      | 6355 ||| INVOKING Spit Poison.
  6362 | D:7      | 6362 ||| INVOKING Spit Poison.
  6366 | D:7      | 6366 ||| INVOKING Spit Poison.
  6372 | D:7      | 6372 ||| INVOKING Spit Poison.
  6378 | D:7      | 6378 ||| INVOKING Spit Poison.
  6382 | D:7      | 6382 ||| INVOKING Spit Poison.
  6387 | D:7      | 6387 ||| INVOKING Spit Poison.
  6397 | D:7      | 6397 ||| INVOKING Spit Poison.
  6536 | D:7      | 6536 ||| INVOKING Heroism.
  6537 | D:7      | 6537 ||| INVOKING Spit Poison.
  6538 | D:7      | 6538 ||| Stepping ~*~*~tactically~*~*~ (outnumbered).
  6543 | D:7      | 6543 ||| INVOKING Spit Poison.
  6546 | D:7      | Reached XP level 10. HP: 103/103 MP: 11/13
  6551 | D:7      | 6551 ||| INVOKING Spit Poison.
  6596 | D:7      | 6596 ||| INVOKING Spit Poison.
  6600 | D:7      | 6600 ||| INVOKING Spit Poison.
  6607 | D:7      | 6607 ||| INVOKING Spit Poison.
  6704 | D:7      | 6704 ||| INVOKING Heroism.
  6705 | D:7      | 6705 ||| INVOKING Spit Poison.
  6898 | D:7      | 6898 ||| UPGRADING to +0 cloak.
  6903 | D:7      | 6903 ||| UPGRADING to scarf of resistance.
  6913 | D:7      | 6913 ||| DROPPING ring of magical power.
  6914 | D:7      | 6914 ||| DROPPING ring of positive energy.
  6915 | D:7      | 6915 ||| READING scroll labelled KURYNL EXOAFF.
  6916 | D:7      | 6916 ||| DRINKING 3 clear potions.
  6917 | D:7      | 6917 ||| READING 5 scrolls of identify.
  6917 | D:7      | 6917 ||| IDENTIFYING silvery potion
  6918 | D:7      | 6918 ||| READING 4 scrolls of identify.
  6918 | D:7      | 6918 ||| IDENTIFYING viscous inky potion
  6919 | D:7      | 6919 ||| READING 3 scrolls of identify.
  6919 | D:7      | 6919 ||| IDENTIFYING bubbling yellow potion
  6920 | D:7      | 6920 ||| READING 2 scrolls of identify.
  6920 | D:7      | 6920 ||| IDENTIFYING fuming clear potion
  6921 | D:7      | 6921 ||| DROPPING potion of invisibility.
  6922 | D:7      | 6922 ||| DROPPING potion of brilliance.
  6972 | D:8      | 6972 ||| INVOKING Heroism.
  6974 | D:8      | Noticed a two-headed ogre
  6977 | D:8      | 6977 ||| INVOKING Spit Poison.
  6986 | D:8      | 6986 ||| INVOKING Spit Poison.
  6986 | D:8      | Killed a two-headed ogre
  6987 | D:8      | Reached skill level 11 in Ranged Weapons
  7102 | D:8      | 7102 ||| INVOKING Spit Poison.
  7110 | D:8      | 7110 ||| INVOKING Spit Poison.
  7124 | D:8      | 7124 ||| INVOKING Heroism.
  7168 | D:8      | 7168 ||| INVOKING Heroism.
  7347 | D:8      | 7347 ||| Stepping ~*~*~tactically~*~*~ (outnumbered).
  7349 | D:8      | 7349 ||| Stepping ~*~*~tactically~*~*~ (outnumbered).
  7351 | D:8      | 7351 ||| INVOKING Spit Poison.
  7357 | D:8      | 7357 ||| INVOKING Spit Poison.
  7363 | D:8      | 7363 ||| INVOKING Spit Poison.
  7365 | D:8      | 7365 ||| INVOKING Heroism.
  7460 | D:8      | 7460 ||| INVOKING Heroism.
  7461 | D:8      | 7461 ||| INVOKING Spit Poison.
  7465 | D:8      | 7465 ||| INVOKING Spit Poison.
  7472 | D:8      | 7472 ||| INVOKING Spit Poison.
  7476 | D:8      | 7476 ||| INVOKING Spit Poison.
  7727 | D:8      | 7727 ||| INVOKING Spit Poison.
  7732 | D:8      | 7732 ||| Stepping ~*~*~tactically~*~*~ (outnumbered).
  7739 | D:8      | 7739 ||| INVOKING Spit Poison.
  8057 | D:8      | 8057 ||| READING scroll labelled INLAWU GIHI.
  8101 | D:9      | Found Zin's Purification Station.
  8104 | D:9      | Found a glowing silver altar of Zin.
  8107 | D:9      | 8107 ||| BUYING potion of curing (90 gold).
  8107 | D:9      | Bought a potion of curing for 90 gold pieces
  8113 | D:9      | 8113 ||| Stepping ~*~*~tactically~*~*~ (outnumbered).
  8172 | D:9      | 8172 ||| INVOKING Spit Poison.
  8186 | D:9      | 8186 ||| INVOKING Spit Poison.
  8195 | D:9      | 8195 ||| INVOKING Spit Poison.
  8201 | D:9      | 8201 ||| INVOKING Spit Poison.
  8207 | D:9      | 8207 ||| INVOKING Heroism.
  8208 | D:9      | 8208 ||| INVOKING Spit Poison.
  8212 | D:9      | 8212 ||| INVOKING Spit Poison.
  8219 | D:9      | 8219 ||| INVOKING Spit Poison.
  8223 | D:9      | 8223 ||| INVOKING Spit Poison.
  8230 | D:9      | 8230 ||| INVOKING Spit Poison.
  8234 | D:9      | 8234 ||| INVOKING Spit Poison.
  8235 | D:9      | 8235 ||| INVOKING Heroism.
  8238 | D:9      | 8238 ||| INVOKING Spit Poison.
  8247 | D:9      | 8247 ||| INVOKING Spit Poison.
  8256 | D:9      | 8256 ||| INVOKING Spit Poison.
  8260 | D:9      | 8260 ||| INVOKING Spit Poison.
  8266 | D:9      | 8266 ||| INVOKING Spit Poison.
  8310 | D:9      | 8310 ||| INVOKING Heroism.
  8312 | D:9      | 8312 ||| INVOKING Spit Poison.
  8496 | D:9      | 8496 ||| INVOKING Heroism.
  8498 | D:9      | 8498 ||| INVOKING Spit Poison.
  8502 | D:9      | 8502 ||| INVOKING Spit Poison.
  8512 | D:9      | 8512 ||| INVOKING Spit Poison.
  8521 | D:9      | 8521 ||| INVOKING Spit Poison.
  8534 | D:9      | 8534 ||| INVOKING Spit Poison.
  8569 | D:9      | 8569 ||| INVOKING Spit Poison.
  8583 | D:9      | 8583 ||| INVOKING Spit Poison.
  8638 | D:9      | 8638 ||| INVOKING Spit Poison.
  8647 | D:9      | 8647 ||| INVOKING Spit Poison.
  8840 | D:9      | 8840 ||| INVOKING Heroism.
  8847 | D:9      | Reached skill level 12 in Ranged Weapons
  8960 | D:9      | 8960 ||| INVOKING Spit Poison.
  8964 | D:9      | 8964 ||| INVOKING Spit Poison.
  9414 | D:9      | 9414 ||| DROPPING scarf of invisibility.
  9415 | D:9      | 9415 ||| READING scroll labelled LEUNOVE UMAUNY.
  9463 | D:10     | Entered Level 10 of the Dungeon
  9501 | D:10     | 9501 ||| INVOKING Spit Poison.
  9501 | D:10     | Noticed an unseen horror
  9509 | D:10     | 9509 ||| INVOKING Spit Poison.
  9510 | D:10     | Reached XP level 11. HP: 104/113 MP: 14/14
  9514 | D:10     | 9514 ||| INVOKING Spit Poison.
  9522 | D:10     | 9522 ||| INVOKING Spit Poison.
  9523 | D:10     | 9523 ||| INVOKING Spit Poison.
  9583 | D:10     | Found Caop's Armour Boutique.
  9589 | D:10     | 9589 ||| SHOPLISTING +1 leather armour "Zoam" {rElec rC+
                  | Int+3 Dex+3} (527 gold, have 246).
  9595 | D:10     | Found Parioh's Distillery.
  9599 | D:10     | 9599 ||| BUYING 2 potions of curing (78 gold).
  9599 | D:10     | Bought 2 potions of curing for 78 gold pieces
  9599 | D:10     | 9599 ||| BUYING potion of curing (39 gold).
  9599 | D:10     | Bought a potion of curing for 39 gold pieces
  9599 | D:10     | 9599 ||| BUYING potion of enlightenment (65 gold).
  9599 | D:10     | Bought a potion of enlightenment for 65 gold pieces
  9599 | D:10     | 9599 ||| SHOPLISTING potion of enlightenment (65 gold, have
                  | 64).
  9599 | D:10     | 9599 ||| SHOPLISTING potion of heal wounds (65 gold, have
                  | 64).
  9634 | D:10     | Found Luabarr's Magic Scroll Shop.
  9643 | D:10     | 9643 ||| SHOPLISTING scroll of enchant weapon (90 gold,
                  | have 64).
  9643 | D:10     | 9643 ||| BUYING scroll of identify (24 gold).
  9643 | D:10     | Bought a scroll of identify for 24 gold pieces
  9643 | D:10     | 9643 ||| BUYING scroll of identify (24 gold).
  9643 | D:10     | Bought a scroll of identify for 24 gold pieces
  9643 | D:10     | 9643 ||| SHOPLISTING scroll of identify (24 gold, have 16).
  9694 | D:10     | 9694 ||| INVOKING Spit Poison.
  9703 | D:10     | 9703 ||| INVOKING Spit Poison.
  9708 | D:10     | 9708 ||| INVOKING Spit Poison.
  9713 | D:10     | 9713 ||| INVOKING Heroism.
  9717 | D:10     | 9717 ||| INVOKING Spit Poison.
  9723 | D:10     | 9723 ||| INVOKING Spit Poison.
  9726 | D:10     | 9726 ||| INVOKING Heroism.
  9730 | D:10     | 9730 ||| INVOKING Spit Poison.
  9730 | D:10     | HP: 28/113 [poisoned by a killer bee]
  9731 | D:10     | 9731 ||| READING 2 scrolls of teleportation.
  9732 | D:10     | 9732 ||| DRINKING potion of heal wounds.
  9735 | D:10     | HP: 24/113 [poisoned by a killer bee]
  9740 | D:10     | HP: 19/113 [poisoned by a killer bee]
 10035 | D:10     | 10035 ||| INVOKING Spit Poison.
 10082 | D:10     | 10082 ||| SWAPPING to +0 orcbow.
 10088 | D:10     | 10088 ||| INVOKING Heroism.
 10097 | D:10     | Reached skill level 13 in Ranged Weapons
 10229 | D:10     | 10229 ||| DROPPING +1 shortbow of flaming.
 10240 | D:10     | 10240 ||| INVOKING Spit Poison.
 10243 | D:10     | Noticed a death yak
 10243 | D:10     | Noticed a death yak
 10244 | D:10     | 10244 ||| INVOKING Heroism.
 10245 | D:10     | 10245 ||| INVOKING Spit Poison.
 10249 | D:10     | Noticed a death yak
 10252 | D:10     | 10252 ||| INVOKING Spit Poison.
 10261 | D:10     | 10261 ||| INVOKING Spit Poison.
 10265 | D:10     | 10265 ||| INVOKING Spit Poison.
 10268 | D:10     | Killed a death yak
 10274 | D:10     | 10274 ||| INVOKING Heroism.
 10275 | D:10     | 10275 ||| INVOKING Spit Poison.
 10276 | D:10     | HP: 21/114 [death yak (12)]
 10277 | D:10     | 10277 ||| READING scroll of teleportation.
 10372 | D:10     | 10372 ||| FLEEEEING.
 10373 | D:10     | 10373 ||| STAIRDANCE
 10521 | D:9      | 10521 ||| READING 4 scrolls of identify.
 10521 | D:9      | 10521 ||| IDENTIFYING fuming coppery potion
 10524 | D:10     | 10524 ||| INVOKING Spit Poison.
 10531 | D:10     | 10531 ||| INVOKING Spit Poison.
 10555 | D:10     | 10555 ||| INVOKING Spit Poison.
 10562 | D:10     | Found a staircase to the Lair.
 10582 | D:10     | 10582 ||| INVOKING Spit Poison.
 10583 | D:10     | 10583 ||| INVOKING Heroism.
 10586 | D:10     | 10586 ||| INVOKING Spit Poison.
 10589 | D:10     | Reached skill level 9 in Fighting
 10593 | D:10     | 10593 ||| INVOKING Spit Poison.
 10599 | D:10     | 10599 ||| INVOKING Spit Poison.
 10601 | D:10     | Killed a death yak
 10603 | D:10     | 10603 ||| INVOKING Heroism.
 10606 | D:10     | 10606 ||| INVOKING Spit Poison.
 10610 | D:10     | HP: 24/116 [death yak (20)]
 10612 | D:10     | Killed a death yak
 10612 | D:10     | Reached *** piety under Okawaru
 10615 | D:10     | 10615 ||| INVOKING Spit Poison.
 10717 | D:10     | 10717 ||| INVOKING Heroism.
 10792 | D:10     | 10792 ||| INVOKING Spit Poison.
 10795 | D:10     | 10795 ||| INVOKING Heroism.
 10902 | D:10     | 10902 ||| INVOKING Heroism.
 10903 | D:10     | 10903 ||| INVOKING Spit Poison.
 10928 | D:10     | 10928 ||| INVOKING Heroism.
 10960 | D:10     | 10960 ||| INVOKING Heroism.
 10976 | D:10     | Found Fisitil's Jewellery Emporium.
 10987 | D:10     | 10987 ||| SHOPLISTING +5 ring of evasion (360 gold, have
                  | 17).
 10987 | D:10     | 10987 ||| SHOPLISTING +6 ring of dexterity (360 gold, have
                  | 17).
 10987 | D:10     | 10987 ||| SHOPLISTING ring of ice (250 gold, have 17).
 10987 | D:10     | 10987 ||| SHOPLISTING ring of protection from fire (250
                  | gold, have 17).
 10987 | D:10     | 10987 ||| SHOPLISTING ring of the Prince {rCorr Slay+4
                  | SInv} (948 gold, have 17).
 11039 | D:10     | 11039 ||| FLEEEEING.
 11040 | D:10     | 11040 ||| FLEEEEING.
 11042 | D:10     | 11042 ||| FLEEEEING.
 11043 | D:10     | 11043 ||| STAIRDANCE
 11108 | D:9      | 11108 ||| UPGRADING to +0 troll leather armour.
 11118 | D:9      | 11118 ||| DROPPING +0 steam dragon scales.
 11122 | D:10     | 11122 ||| STAIRDANCE
 11213 | D:10     | 11213 ||| INVOKING Heroism.
 11220 | D:10     | 11220 ||| INVOKING Spit Poison.
 11225 | D:10     | 11225 ||| INVOKING Spit Poison.
 11225 | D:10     | HP: 12/116 [tyrant leech (27)]
 11230 | D:10     | 11230 ||| INVOKING Spit Poison.
 11302 | D:10     | 11302 ||| FLEEEEING.
 11374 | D:10     | 11374 ||| INVOKING Spit Poison.
 11378 | D:10     | 11378 ||| INVOKING Spit Poison.
 11386 | D:10     | 11386 ||| INVOKING Spit Poison.
 11387 | D:10     | 11387 ||| INVOKING Heroism.
 11391 | D:10     | 11391 ||| INVOKING Spit Poison.
 11459 | D:10     | 11459 ||| INVOKING Spit Poison.
 11467 | D:10     | 11467 ||| INVOKING Spit Poison.
 11476 | D:10     | 11476 ||| INVOKING Spit Poison.
 11477 | D:10     | 11477 ||| INVOKING Heroism.
 11526 | D:10     | Found the +8 Vampire's Tooth {megavamp}
 11604 | D:10     | Found Wuetojen's Antique Weapon Shop.
 11742 | D:10     | 11742 ||| INVOKING Spit Poison.
 11747 | D:10     | 11747 ||| INVOKING Spit Poison.
 11752 | D:10     | 11752 ||| INVOKING Spit Poison.
 11753 | D:10     | 11753 ||| INVOKING Heroism.
 11761 | D:10     | 11761 ||| INVOKING Spit Poison.
 11858 | D:10     | 11858 ||| PLANNING LAIR
 11858 | D:10     | 11858 ||| READING 2 scrolls labelled GURUIKECAU.
 11859 | D:10     | 11859 ||| DROPPING scroll of blinking.
 11890 | Lair:1   | Entered Level 1 of the Lair of Beasts
 11898 | Lair:1   | 11898 ||| READING scroll of brand weapon.
 11898 | Lair:1   | 11898 ||| BRANDING +0 orcbow.
 11936 | Lair:1   | 11936 ||| INVOKING Spit Poison.
 11942 | Lair:1   | 11942 ||| INVOKING Spit Poison.
 11982 | Lair:1   | 11982 ||| INVOKING Spit Poison.
 11989 | Lair:1   | 11989 ||| INVOKING Spit Poison.
 11993 | Lair:1   | 11993 ||| INVOKING Spit Poison.
 11998 | Lair:1   | Reached skill level 14 in Ranged Weapons
 12002 | Lair:1   | 12002 ||| INVOKING Spit Poison.
 12003 | Lair:1   | 12003 ||| INVOKING Heroism.
 12006 | Lair:1   | 12006 ||| INVOKING Spit Poison.
 12008 | Lair:1   | Reached XP level 12. HP: 84/125 MP: 12/15
 12056 | Lair:1   | Found a transporter.
 12057 | Lair:1   | Found a one-way gate to the infinite horrors of the Abyss.
 12057 | Lair:1   | Noticed qw's ghost (journeyman GrFi)
 12158 | Lair:1   | 12158 ||| INVOKING Heroism.
 12181 | Lair:1   | 12181 ||| INVOKING Heroism.
 12272 | Lair:1   | Noticed a boulder beetle
 12273 | Lair:1   | 12273 ||| INVOKING Heroism.
 12288 | Lair:1   | Killed a boulder beetle
 12336 | Lair:1   | Noticed a catoblepas
 12337 | Lair:1   | 12337 ||| INVOKING Heroism.
 12343 | Lair:1   | 12343 ||| Stepping ~*~*~tactically~*~*~ (cloud).
 12346 | Lair:1   | 12346 ||| Stepping ~*~*~tactically~*~*~ (cloud).
 12347 | Lair:1   | 12347 ||| Stepping ~*~*~tactically~*~*~ (cloud).
 12357 | Lair:1   | 12357 ||| Stepping ~*~*~tactically~*~*~ (cloud).
 12358 | Lair:1   | 12358 ||| Stepping ~*~*~tactically~*~*~ (cloud).
 12359 | Lair:1   | 12359 ||| INVOKING Heroism.
 12363 | Lair:1   | 12363 ||| Stepping ~*~*~tactically~*~*~ (cloud).
 12365 | Lair:1   | 12365 ||| Stepping ~*~*~tactically~*~*~ (cloud).
 12366 | Lair:1   | Killed a catoblepas
 12430 | Lair:1   | Found a transporter.
 12523 | Lair:1   | 12523 ||| INVOKING Heroism.
 12613 | Lair:1   | 12613 ||| INVOKING Heroism.
 12889 | Lair:2   | 12889 ||| STAIRDANCE
 12901 | Lair:2   | 12901 ||| STAIRDANCE
 12946 | Lair:2   | Reached skill level 15 in Ranged Weapons
 12993 | Lair:2   | 12993 ||| INVOKING Heroism.
 13008 | Lair:2   | Reached skill level 6 in Dodging
 13035 | Lair:2   | 13035 ||| INVOKING Heroism.
 13035 | Lair:2   | HP: 29/127 [elephant (8)]
 13036 | Lair:2   | HP: 10/127 [komodo dragon (7)]
 13038 | Lair:2   | Demolished by a komodo dragon

Levels and vault maps discovered:
D:1:      onia_arrival_mini_maze_b, layout_loops_ring
D:2:      layout_loops_ring, shapermc_ecumenical_altar_gd, uniq_sigmund
D:3:      layout_loops_ring, grunt_ministairs_9, st_stairs_6
D:4:      layout_gridville, serial_shops, nicolae_shop_just_a_little_nook,
          uniq_edmund
D:5:      layout_rooms, temple_pool_b, portal_sewer_entry_d, serial_bayou,
          serial_bayou_shore_b, serial_bayou_ford_a, serial_bayou_shore_b,
          serial_bayou_pond_b, grunt_decor_clamped, uniq_blork_the_orc
D:6:      minmay_octagon_keep, layout_basic, serial_shops,
          nicolae_shop_real_fake_doors,
          hangedman_abyss_or_decor_jellyfish_corner, uniq_pikel, uniq_maggie
D:7:      layout_loops_ring, nicolae_nh_ransacked_shop
D:8:      layout_basic, minmay_gold_behind_fungi
D:9:      layout_basic, zin_purify, st_stairs_7, minmay_fractal_squares_5
D:10:     layout_loops_ring, dpeg_lair_monsters, serial_shops, shop,
          nicolae_shop_pleasant_corner_grove, shop,
          nicolae_shop_tiny_statue_garden, nicolae_shop_tiny_glass,
          minmay_parallelograms, minmay_guarded_unrand_vampires_tooth
Temple:   roderic_octagonal_lattice_temple
Lair:1:   layout_cave_pods, gammafunk_ghost_abyssal_escape,
          nicolae_lair_lindhole
Lair:2:   layout_misc_corridors, dpeg_stationary_puzzle

Skill      XL: |  1  2  3  4  5  6  7  8  9 10 11 12 |
---------------+-------------------------------------+-----
Ranged Weapons | 4 6 7 9 10 12 14 15 | 15.1
Fighting       | 4 7 8 9 10 | 10.0
Dodging        | 2 3 4 5 6 |  6.0
Armour         | 1 2 |  2.0
Invocations    | 4 |  4.0
Stealth        | |  1.5

Action                     |  1- 3 |  4- 6 |  7- 9 | 10-12 || total
---------------------------+-------+-------+-------+-------++-------
   Fire: Shortbow          |    99 |    61 |   362 |   348 ||   870
         Orcbow            |       |       |       |   489 ||   489
 Invoke: Heroism           |       |       |     8 |    37 ||    45
Ability: Spit Poison       |    36 |    23 |    71 |    94 ||   224
    Use: Scroll            |     1 |     4 |     8 |    12 ||    25
         Potion            |     1 |       |     7 |     2 ||    10
 Armour: Leather armour    |    36 |     8 |       |       ||    44
         Steam dragon scal |       |       |    74 |   108 ||   182
         Troll leather arm |       |       |       |    59 ||    59
  Dodge: Dodged            |    61 |    17 |   110 |   357 ||   545
  Block: Other             |       |       |    39 |   138 ||   177
         Reflection        |       |       |     2 |     3 ||     5

Table legend:
 A = Non-vault XP
 B = Vault XP
 C = Vault XP percentage of total XP
 D = Non-vault monster count
 E = Vault monster count
 F = Vault count percentage of total count
                 A         B        C        D         E       F
            +---------+---------+-------+---------+---------+-------
      Total |   18486 |    9421 |  33.8 |     212 |      65 |  23.5
            +---------+---------+-------+---------+---------+-------
        D:1 |      43 |       2 |   4.4 |      24 |       1 |   4.0
        D:2 |      26 |     223 |  89.6 |      13 |       1 |   7.1
        D:3 |      76 |       6 |   7.3 |      14 |       3 |  17.6
        D:4 |     291 |     158 |  35.2 |      13 |       1 |   7.1
        D:5 |     529 |     118 |  18.2 |      13 |       3 |  18.8
        D:6 |     726 |    1782 |  71.1 |      17 |      13 |  43.3
        D:7 |     757 |      73 |   8.8 |      21 |       3 |  12.5
        D:8 |    1590 |       0 |   0.0 |      17 |       0 |   0.0
        D:9 |    2115 |     770 |  26.7 |      34 |       7 |  17.1
       D:10 |    3734 |    4171 |  52.8 |      20 |      13 |  39.4
     Lair:1 |    5075 |    1891 |  27.1 |      17 |       3 |  15.0
     Lair:2 |    3524 |     108 |   3.0 |       9 |       2 |  18.2
      Sewer |       0 |     119 | 100.0 |       0 |      15 | 100.0
            +---------+---------+-------+---------+---------+-------
